 Dungeon Crawl Stone Soup version 0.32-a0-18-g89e19f1974 (webtiles) character file.

Game seed: 12870159232505440852

875 Xavori the Trooper (level 8, -1/87 HPs)
             Began as a Djinni Chaos Knight on Jan 16, 2024.
             Was a Plaything of Xom.
             Slain by a water moccasin (6 damage)
             ... on level 5 of the Dungeon.
             The game lasted 00:04:00 (6972 turns).

Xavori the Trooper (Djinni Chaos Knight)            Turns: 6972, Time: 00:04:00

Health: -1/87      AC:  9    Str: 17    XL:     8   Next: 24%
Gold:   225        EV: 13    Int: 13    God:    Xom [......] SH:  0 Dex: 16

rFire   + + .        m - +2 demon blade (chaos)
rCold   x . .        (no shield)
rNeg    . . .        b - +2 leather armour
rPois   ∞            (helmet restricted)
rElec   .            (no cloak)
rCorr   .            (no gloves)
SInv    .            (boots unavailable)
Will    .....        w - amulet of the acrobat Stlth
                     j - +4 ring of protection
HPRegen 0.34/turn    r - +6 ring of strength
MPRegen 0.00/turn

%: acrobat, infuse magic (-2 HP)
@: berserking, flying, very quick
A: sickness immunity, fire resistance 2, cold vulnerability 1, float, innate
caster, HP casting, extra vitality 1, antennae 1, inability to drink after
injury 2
a: Renounce Religion


You were on level 5 of the Dungeon.
You worshipped Xom.
You were a very special plaything of Xom.
You visited 1 branch of the dungeon, and saw 6 of its levels.

You collected 225 gold pieces.

Inventory:

Hand Weapons
 a - a +0 falchion of chaos
 m - a +2 demon blade of chaos (weapon)
Missiles
 p - 2 throwing nets (quivered)
Armour
 b - a +2 leather armour (worn)
Jewellery
 j - a +4 ring of protection (left hand)
 r - a +6 ring of strength (right hand)
 w - an amulet of the acrobat (around neck)
Wands
 y - a wand of flame (9)
Scrolls
 c - 2 scrolls of butterflies
 d - 2 scrolls of immolation
 f - 2 scrolls of enchant weapon
 g - 4 scrolls of teleportation
 k - a scroll of fog
 u - a scroll of amnesia {unknown}
 v - a scroll of silence
 z - a scroll of vulnerability
Potions
 e - 2 potions of lignification {unknown}
 h - a potion of brilliance {unknown}
 i - a potion of berserk rage
 l - 2 potions of might
 n - a potion of haste {unknown}
 o - a potion of mutation {unknown}
 q - a potion of heal wounds {unknown}
 s - a potion of magic {unknown}
 t - a potion of resistance {unknown}


   Skills:
 + Level 4.5 Fighting
 + Level 4.1 Long Blades
 + Level 3.4 Armour
 + Level 4.3 Dodging
 * Level 3.7 Spellcasting
 * Level 3.7 Conjurations
 * Level 3.7 Hexes
   Level 0.0 Charms
 * Level 3.7 Summonings
 * Level 3.7 Necromancy
 * Level 3.7 Translocations
   Level 0.0 Transmutations
 * Level 3.7 Fire Magic
 * Level 3.7 Ice Magic
 * Level 3.7 Air Magic
 * Level 3.7 Earth Magic
 * Level 3.7 Alchemy
 + Level 1.2 Evocations


You knew the following spells:

 Your Spells              Type           Power      Damage    Failure   Level
a - Magic Dart            Conj           48%        1d5       5%          1
b - Searing Ray           Conj           24%        2d5       9%          2
c - Vampiric Draining     Necr           12%        2d6       17%         3
Your spell library was empty.

Dungeon Overview and Level Annotations

Branches:
Dungeon (6/15)             Temple (0/1) D:4

Altars:
Elyvilon
Fedhas
Hepliaklqana
Nemelex Xobeh
Xom
The Shining One


Innate Abilities, Weirdness & Mutations

You are immune to sickness and miasma.
You are immune to poison.
Your flesh is very heat resistant. (rF++)
You are vulnerable to cold. (rC-)
You float through the air rather than walking.
You learn spells naturally, not from books.
Your magical power is your life essence.
You have superior vitality. (+4 MHP)
You have a pair of small antennae on your head.
You sometimes lose the ability to drink potions when taking damage.


Message History

Unknown command.
You are too injured to fight recklessly!
Unknown command.
You are too injured to fight recklessly!
Unknown command.
You are too injured to fight recklessly!
Unknown command.
You are too injured to fight recklessly!
You barely miss the water moccasin. The adder bites you but does no damage.
The water moccasin bites you!
* * * LOW HITPOINT WARNING * * *
The adder barely misses you. The water moccasin closely misses you.
You barely miss the water moccasin.
The water moccasin bites you but does no damage.
The adder bites you but does no damage.
You barely miss the water moccasin. The water moccasin bites you.
* * * LOW HITPOINT WARNING * * *
The adder barely misses you. The water moccasin barely misses you.
The adder bites you but does no damage.
You slash the water moccasin! You burn the water moccasin.
The water moccasin is heavily wounded.
The water moccasin bites you!
* * * LOW HITPOINT WARNING * * *
The adder misses you.
Unknown command.
Okay, then.
Okay, then.
Okay, then.
It was a potion of berserk rage.
A red film seems to cover your vision as you go berserk!
You feel yourself moving faster!
You feel mighty!
Xom thinks this is hilarious!
The water moccasin bites you but does no damage.
The adder bites you but does no damage.
The water moccasin bites you but does no damage.
You hit the water moccasin. You freeze the water moccasin.
The water moccasin is severely wounded.
The adder closely misses you. The water moccasin bites you.
You die...
Xom giggles madly!

...###.........###...#.....######
....#.###...###.#....#....##
...#.....###...#.....#...#######
...#......#....#....#.###.#....#
...#.....#.....#...###...#.....#
#.#......#....#.###.#....#.....#
.###.....#...###...#.....#.....#
..#.###.#.###.#....#....##.....#
.#.....###...#..@S.#...#########
.#......#....#.S..#.###.#####
.#....^#.....#...###...#....#####
#......#....#.###.#....#......##.
##.....#...###...#.....#.##.#.##.
#.###.#.###.#....#....#...#.#.##.
.....###...#.....#...##......<...
......#....#....#.###.#...#.#.###
.....#.†...#...####.#.......#.#


You could see a water moccasin (strong) and an adder.

Vanquished Creatures
  Sigmund (D:2)
  A black bear (D:6)
  A phantom (D:5)
  A scorpion (D:5)
  3 orc priests (D:4)
  2 bombardier beetles
  A gnoll bouda (D:5)
  2 hounds
  2 sleepcaps
  2 orc wizards (D:4)
  3 gnolls (D:5)
  6 adders
  A dart slug (D:1)
  A ribbon worm (D:2)
  8 orcs
  9 ball pythons
  4 endoplasms
  8 giant cockroaches
  4 goblins
  11 hobgoblins
  6 kobolds
  4 quokkas
  11 bats
  4 frilled lizards
  3 rats
99 creatures vanquished.

Vanquished Creatures (collateral kills)
  A goblin (D:3)
1 creature vanquished.

Vanquished Creatures (others)
  A hobgoblin (D:4)
  A ball python zombie (D:1)
2 creatures vanquished.

Grand Total: 102 creatures vanquished

Notes
Turn   | Place    | Note
-------+----------+-------------------------------------------
     0 | D:1      | Xavori the Djinni Chaos Knight began the quest for the Orb.
     0 | D:1      | Reached XP level 1. HP: 20/20 MP: 0/0
   181 | D:1      | Reached XP level 2. HP: 25/25 MP: 0/0
   208 | D:1      | XOM: potion effect (haste)
   443 | D:1      | Reached XP level 3. HP: 18/30 MP: 0/0
   443 | D:1      | Learned a level 1 spell: Magic Dart
   444 | D:1      | Reached skill level 1 in Spellcasting
   444 | D:1      | Reached skill level 1 in Conjurations
   444 | D:1      | Reached skill level 1 in Hexes
   444 | D:1      | Reached skill level 1 in Summonings
   444 | D:1      | Reached skill level 1 in Necromancy
   444 | D:1      | Reached skill level 1 in Translocations
   444 | D:1      | Reached skill level 1 in Fire Magic
   444 | D:1      | Reached skill level 1 in Ice Magic
   444 | D:1      | Reached skill level 1 in Air Magic
   444 | D:1      | Reached skill level 1 in Earth Magic
   444 | D:1      | Reached skill level 1 in Alchemy
   634 | D:1      | XOM: silly message
  1164 | D:2      | Reached XP level 4. HP: 34/35 MP: 0/0
  1402 | D:2      | Noticed Sigmund
  1414 | D:2      | Killed Sigmund
  1415 | D:2      | Reached XP level 5. HP: 22/41 MP: 0/0
  1415 | D:2      | Learned a level 2 spell: Searing Ray
  1415 | D:2      | Reached XP level 6. HP: 26/47 MP: 0/0
  1979 | D:1      | XOM is BORED!
  1979 | D:1      | XOM: noise
  2458 | D:1      | XOM: give mutation
  2458 | D:1      | Gained mutation: You occasionally lose the ability to drink
                  | potions when taking damage. [Xom's mischief]
  2468 | D:1      | XOM: give mutations
  2468 | D:1      | Gained mutation: You are agile. (Dex +4, Str/Int -1) [Xom's
                  | mischief]
  2468 | D:1      | Gained mutation: You sometimes lose the ability to drink
                  | potions when taking damage. [Xom's mischief]
  2553 | D:1      | XOM is BORED!
  2553 | D:1      | XOM: summons 4 hostile shadow creatures
  3536 | D:1      | XOM: cloud trail
  4188 | D:1      | XOM: god gift: +2 demon blade of chaos
  4701 | D:3      | Found a faded altar of an unknown god.
  4702 | D:3      | XOM: cast spell 'Discord'
  4787 | D:3      | XOM: give mutation
  4787 | D:3      | Lost mutation: You are agile. (Dex +4, Str/Int -1) [Xom's
                  | mischief]
  4794 | D:3      | Found a broken altar of Ashenzari.
  4842 | D:3      | XOM: noise
  4992 | D:3      | Found a shimmering altar of Xom.
  4992 | D:3      | Found a white marble altar of Elyvilon.
  4992 | D:3      | Found a shimmering altar of Xom.
  4992 | D:3      | Found a glowing golden altar of the Shining One.
  4992 | D:3      | XOM: 5-stop teleportation journey
  5258 | D:4      | Found a sparkling altar of Nemelex Xobeh.
  5376 | D:4      | Found a staircase to the Ecumenical Temple.
  5487 | D:4      | XOM: fake destruction
  5488 | D:4      | XOM: destruction
  5494 | D:4      | Reached XP level 7. HP: 43/52 MP: 0/0
  5494 | D:4      | Learned a level 3 spell: Vampiric Draining
  5573 | D:4      | XOM: noise
  5905 | D:5      | Entered Level 5 of the Dungeon
  5936 | D:5      | XOM: blink monster(s)
  6030 | D:5      | XOM: torment (19/52 hp)
  6210 | D:5      | Found a blossoming altar of Fedhas.
  6307 | D:5      | XOM: noise
  6441 | D:5      | XOM: summons 4 hostile shadow creatures
  6471 | D:6      | XOM: silly message
  6534 | D:6      | Reached XP level 8. HP: 50/58 MP: 0/0
  6707 | D:5      | XOM: give mutation
  6707 | D:5      | Gained mutation: You have a pair of small antennae on your
                  | head. [Xom's mischief]
  6713 | D:5      | XOM: summons 1 hostile shadow creature
  6717 | D:5      | Reached skill level 1 in Evocations
  6912 | D:5      | Found a hazy altar of Hepliaklqana.
  6951 | D:6      | XOM: noise
  6959 | D:6      | XOM: enchant monster (bad)
  6972 | D:5      | Slain by a water moccasin

Illustrated notes

Levels and vault maps discovered:
D:1:      nagdon_arrival_double_spiral, layout_loops_cross, minmay_heptomino_w4
D:2:      layout_loops_ring, uniq_sigmund
D:3:      layout_basic, doesnt_xom_only_xom,
          hellmonk_ecumenical_altar_prayer_group
D:4:      layout_basic, mainiacjoe_overflow_brackets, minmay_temple_entry_mist
D:5:      nicolae_BIG_FREAKIN_CUBE, layout_loops_cross,
          mainiacjoe_overflow_chevrons, worldfamousw_hep_ancestral_shrine
D:6:      cheibrodos_fzero, layout_loops_ring,
          mainiacjoe_overflow_surrounded_room, uniq_crazy_yiuf_cottage,
          uniq_duvessa

Skill      XL: |  1  2  3  4  5  6  7  8 |
---------------+-------------------------+-----
Spellcasting   | 1 2 3 |  3.7
Conjurations   | 1 2 3 |  3.7
Hexes          | 1 2 3 |  3.7
Summonings     | 1 2 3 |  3.7
Necromancy     | 1 2 3 |  3.7
Translocations | 1 2 3 |  3.7
Fire Magic     | 1 2 3 |  3.7
Ice Magic      | 1 2 3 |  3.7
Air Magic      | 1 2 3 |  3.7
Earth Magic    | 1 2 3 |  3.7
Alchemy        | 1 2 3 |  3.7
Long Blades    | 3 4 |  4.1
Armour         | 2 3 |  3.4
Dodging        | 3 4 |  4.3
Fighting       | 4 |  4.5
Evocations     | 1 |  1.2

Action                     |  1- 3 |  4- 6 |  7- 9 || total
---------------------------+-------+-------+-------++-------
  Melee: Falchion          |   122 |    27 |       ||   149
         Demon blade       |       |    70 |    97 ||   167
         Punch             |       |     1 |     2 ||     3
    Use: Scroll            |       |     6 |     2 ||     8
         Potion            |       |       |     1 ||     1
   Stab: Paralysed         |     2 |     1 |       ||     3
         Sleeping          |     1 |     3 |       ||     4
 Armour: Leather armour    |    96 |    63 |    98 ||   257
  Dodge: Dodged            |   106 |    65 |    84 ||   255

Table legend: (Time is in decaauts)
 A = Elapsed time spent in this place.
 B = Non-inter-level travel time spent in this place.
 C = Inter-level travel time spent in this place.
 D = Time resting spent in this place.
 E = Time spent auto-exploring this place.
 F = Levels seen in this place.
 G = Mean time per level.
                   A        B        C        D        E       F      G
               +--------+--------+--------+--------+--------+-----+--------+
         Total |   6996 |   6813 |    183 |   2900 |   3166 |   6 | 1166.0 |
       Dungeon |   6996 |   6813 |    183 |   2900 |   3166 |   6 | 1166.0 |
               +--------+--------+--------+--------+--------+-----+--------+

Top non-repeatable levels by time:
     D:1: 3631 daAuts
     D:5: 965 daAuts
     D:2: 849 daAuts
     D:3: 775 daAuts
     D:4: 665 daAuts
     D:6: 109 daAuts
